Map: Abyssal Reef LE

Players

Rogue - Winner!

  • Race: Zerg Zerg
  • Spawn Location: 11:00

Stats

  • Race: Protoss Protoss
  • Spawn Location: 5:00

Event: IEM Season 12 - Shanghai

VOD

Have the link to the VOD?

Description

Stats vs Rogue Group B Winners Match Game 3

Time

  • Played on: July 27, 2017, 12:56 a.m.
  • Length: 4:56

All games in this series

Show
View Real Time Build Order
Export as new Build Order

Rogue Zerg - Winner!

Build Orders: Pool First 

Get SALT Encoding   

  12  0:00  Drone  
  13  0:12  Overlord  
  13  0:16  Drone  
  14  0:31  Drone x2  
  14  0:34  Drone  
  17  0:45  Drone, Extractor  
  17  0:50  Spawning Pool  
  17  0:56  Drone  
  17  1:07  Drone  
  18  1:21  Hatchery  
  18  1:24  Drone  
  18  1:36  Queen  
  18  1:38  Zergling x2  
  21  1:45  Metabolic Boost  
  21  1:49  Zergling x2  
  22  1:55  Overlord  
  22  2:06  Roach Warren  
  21  2:14  Overlord  
  21  2:47  Roach x6  
  33  2:52  Roach  
  33  2:56  Zergling x2  
  36  3:02  Zergling x2  
  36  3:07  Zergling x2  
  36  3:11  Zergling x4  
  39  3:16  Zergling x2  
  40  3:22  Zergling x2  
  41  3:29  Overlord  
  41  3:32  Zergling x2  
  42  3:41  Zergling x4  
  43  3:49  Zergling x4  
  43  3:55  Zergling x4  
  47  3:59  Zergling x2  
  47  4:02  Zergling x2  
  49  4:04  Ravager x2  
  51  4:13  Zergling x2  
  51  4:16  Zergling x2  
  52  4:17  Zergling x2  
  52  4:20  Zergling x2  
  47  4:27  Zergling x4  
  46  4:31  Zergling x2  
  46  4:34  Ravager  
  46  4:36  Zergling x2  
Show
View Real Time Build Order
Export as new Build Order

Stats Protoss 

Build Orders: 1 Gate Expand, Oracle Opening 

Get SALT Encoding   

  12  0:00  Probe (Chrono Boost)  
  13  0:11  Probe (Chrono Boost)  
  14  0:18  Pylon  
  14  0:22  Probe (Chrono Boost)  
  15  0:36  Probe (Chrono Boost)  
  15  0:39  Gateway  
  16  0:47  Probe (Chrono Boost)  
  16  0:48  Assimilator  
  17  0:57  Probe (Chrono Boost)  
  18  1:08  Probe (Chrono Boost)  
  19  1:12  Pylon  
  19  1:18  Probe (Chrono Boost)  
  20  1:28  Nexus  
  20  1:37  Cybernetics Core  
  20  1:40  Probe (Chrono Boost)  
  20  1:46  Assimilator  
  21  1:51  Probe (Chrono Boost)  
  22  1:55  Pylon  
  23  2:01  Probe (Chrono Boost)  
  23  2:13  Probe (Chrono Boost)  
  23  2:14  Adept (Chrono Boost)  
  26  2:22  Stargate  
  26  2:25  Probe  
  28  2:37  Probe  
  28  2:38  Adept (Chrono Boost)  
  28  2:43  Probe  
  30  2:49  Probe  
  30  2:50  Pylon  
  32  2:55  Probe  
  32  3:01  Probe  
  32  3:05  Oracle (Chrono Boost)  
  33  3:08  Probe  
  33  3:11  Adept  
  39  3:13  Probe  
  39  3:17  Pylon  
  39  3:18  Probe  
  40  3:25  Probe  
  42  3:29  Probe  
  43  3:37  Probe, Oracle (Chrono Boost)  
  47  3:41  Probe  
  47  3:44  Pylon  
  48  3:49  Probe  
  48  3:52  Gateway  
  48  3:54  Gateway  
  50  3:57  Mothership Core  

Tags
 
Add a new tag
Caveats
  • Supply blocks, unpowered buildings, or Contaminate may cause inaccurate times.
  • Supply counts are checked every 10 seconds.